 Dungeon Crawl Stone Soup version 0.30.1-3-gfc49f6343a (webtiles) character file.

Game seed: 11500445060473113873

19373 oldmanjim the Fighter (level 12, -8/130 HPs)
             Began as an Ogre Transmuter on July 18, 2023.
             Was a High Priest of Sif Muna.
             Killed from afar by a rime drake (25 damage)
             ... with an icy flash freeze
             ... on level 4 of the Lair of Beasts on July 22, 2023.
             The game lasted 01:18:58 (12521 turns).

oldmanjim the Fighter (Ogre Transmuter)            Turns: 12521, Time: 01:18:59

Health: -8/130     AC:  7    Str: 23    XL:     12   Next: 68%
Magic:  24/24      EV: 15    Int: 18    God:    Sif Muna [*****.]
Gold:   331        SH:  0    Dex:  9    Spells: 5/27 levels left

rFire   . .          .
                       - Unarmed
rCold   . . .        (shield currently unavailable)
rNeg    . . .        S - +0 troll leather armour
rPois   .            W - +2 hat {Stlth+}
rElec   .            (no cloak)
rCorr   .            (gloves unavailable)
SInv    .            (boots unavailable)
Will    +....        w - amulet of regeneration
Stlth   ++           j - +6 ring of strength
HPRegen 2.01/turn    Q - +5 ring of evasion
MPRegen 0.19/turn

%: no passive effects
@: blade hands
A: large, unfitting armour, tough skin 1
a: End Transformation, Renounce Religion, Channel Magic, Forget Spell, Divine
Exegesis


You were on level 4 of the Lair of Beasts.
You worshipped Sif Muna.
Sif Muna was extremely pleased with you.
You had blades for hands.
You visited 2 branches of the dungeon, and saw 14 of its levels.

You collected 858 gold pieces.
You spent 527 gold pieces at shops.

Inventory:

Missiles
 d - 21 poisoned darts
 g - 164 stones
 n - 5 javelins
 F - 13 boomerangs
 G - 5 silver boomerangs
 L - 3 curare-tipped darts
 O - 3 boomerangs of dispersal
Armour
 a - a +0 robe
 S - a +0 troll leather armour (worn)
 W - a +2 hat of stealth (worn)
Magical Staves
 u - a staff of fire
Jewellery
 j - a +6 ring of strength (left blade hand)
 m - an amulet of guardian spirit
 w - an amulet of regeneration (around neck)
 I - a ring of magical power
 M - a ring of resist corrosion
 Q - a +5 ring of evasion (right blade hand)
 X - a +4 ring of protection
Wands
 f - a wand of flame (50)
 r - a wand of digging (4)
 C - a wand of paralysis (11)
 N - a wand of roots (8)
 U - a wand of light (4)
Scrolls
 h - 4 scrolls of enchant armour
 i - 2 scrolls of amnesia
 k - 6 scrolls of immolation
 l - 4 scrolls of teleportation
 o - a scroll of poison
 p - 2 scrolls of torment
 v - 3 scrolls of fog
 x - 2 scrolls of magic mapping
 y - 2 scrolls of vulnerability
 D - 2 scrolls of enchant weapon
 R - a scroll of fear
 Y - a scroll of brand weapon
Potions
 b - 5 potions of lignification
 c - 5 potions of mutation
 e - 10 potions of curing
 q - 2 potions of resistance {unknown}
 s - a potion of heal wounds {unknown}
 t - 2 potions of invisibility {unknown}
 z - 2 potions of flight {unknown}
 A - 2 potions of brilliance {unknown}
 B - 3 potions of attraction {unknown}
 E - a potion of cancellation {unknown}
 H - 8 potions of haste
 J - 4 potions of degeneration
 K - 5 potions of ambrosia
 P - a potion of magic {unknown}
Miscellaneous
 T - a phantom mirror (inert)
 V - a lightning rod (4/4)
 Z - a condenser vane


   Skills:
 - Level 11.0 Fighting
 - Level 3.0 Throwing
 - Level 3.0 Dodging
 * Level 9.8 Unarmed Combat
 + Level 8.3 Spellcasting
 + Level 9.7 Transmutations
 - Level 4.0 Ice Magic
 - Level 1.0 Earth Magic
 - Level 2.0 Poison Magic
 - Level 8.0 Invocations


You had 5 spell levels left.
You knew the following spells:

 Your Spells              Type           Power      Damage    Failure   Level
a - Beastly Appendage     Tmut           84%        N/A       9%          1
b - Spider Form           Tmut/Pois      28%        N/A       26%         3
c - Ice Form              Ice/Tmut       32%        N/A       36%         4
d - Passwall              Tmut/Erth      21%        N/A       21%         2
e - Dragon Form           Tmut           21%        N/A       99%         7
f - Blade Hands           Tmut           21%        N/A       34%         5

Your spell library contained the following spells:

 Spells                   Type           Power      Damage    Failure   Level
 Wereblood                Tmut           42%        N/A       10%         2
 Sandblast                Erth           22%        2d7       41%         1
 Apportation              Tloc           14%        N/A       47%         1
 Necrotise                Necr           28%        1d5       47%         1
 Slow                     Hex            28%        N/A       47%         1
 Summon Small Mammal      Summ           28%        N/A       47%         1
 Cigotuvi's Dreadful Rot  Necr/Pois/Air  18%        N/A       52%         2
 Stone Arrow              Conj/Erth      18%        3d8       69%         3
 Confusing Touch          Hex            7%         N/A       75%         3
 Vampiric Draining        Necr           7%         2d6       75%         3
 Vhi's Electric Charge    Tloc/Air       14%        N/A       75%         3
 Irradiate                Conj/Tmut      12%        3d15      80%         5
 Dispel Undead            Necr           7%         3d8       96%         4
 Arcjolt                  Conj/Air       3%         1d13      100%        5
 Death Channel            Necr           3%         N/A       100%        6
 Plasma Beam              Fire/Air       3%         2x1d15    100%        6


Dungeon Overview and Level Annotations

Branches:
Dungeon (10/15)            Temple (0/1) D:5            Lair (4/5) D:10
 Shoals (0/4) Lair:2        Snake (0/4) Lair:3          Orc (0/2) D:9
  Slime: Lair:4-5

Altars:
Ashenzari
Dithmenos
Kikubaaqudgha
Sif Muna
Yredelemnul

Shops:
D:5 [   D:8 ?   D:9 *=?:(


Innate Abilities, Weirdness & Mutations

You have blades for hands.
Your spellcasting is less reliable in this form.
You are incapable of wielding weapons or throwing items.
You are too large for most types of armour.
You have tough skin. (AC +1)


Message History

Sif Muna accepts your kill.
You enter the shallow water.
Why would you want to do that? Why would you want to do that?
You enter the shallow water.
The rime drake breathes ice at you. The icy flash freeze hits you!!
You are encased in ice.
The elephant closely misses you.
The elephant trunk-slaps you but does no damage.
The seven-headed hydra barely misses you.
The seven-headed hydra closely misses you.
The seven-headed hydra bites you.
The seven-headed hydra barely misses you.
The seven-headed hydra bites you! x2
* * * LOW HITPOINT WARNING * * *
The seven-headed hydra bites you.
* * * LOW HITPOINT WARNING * * *
Aiming: Phantom Mirror
Press: ? - help, Dir - move target, f - seven-headed hydra
Aim: a seven-headed hydra You reflect the seven-headed hydra with the mirror!
The mirror clouds!
The ice encasing you melts away.
Your seven-headed hydra bites the seven-headed hydra! x2
Your seven-headed hydra bites the seven-headed hydra. x2
Your seven-headed hydra bites the seven-headed hydra!
Your seven-headed hydra bites the seven-headed hydra. x2
The seven-headed hydra bites your seven-headed hydra! x2
The seven-headed hydra bites your seven-headed hydra.
The seven-headed hydra bites your seven-headed hydra! x4
Your seven-headed hydra dies!
Your seven-headed hydra's corpse shimmers and vanishes!
The elephant closely misses you. The elephant barely misses you.
The elephant attacks as you move away! The elephant tramples you!
* * * LOW HITPOINT WARNING * * *
The elephant trunk-slaps you but does no damage.
The rime drake breathes ice at you. The icy flash freeze hits you!!
You die...

#.....# #..###........#.⌠.#
.....# ###...##.....[..#+#+.#
.....# #....###.............#
#....#####...# #.............#
#....P#P.#...###.÷..........#
##.....[......~~~...........#
##...........~~≈~~Y~Y.......#
#P..........~~≈≈~~kDD......#
##.....#....~≈≈~@≈≈≈~~.....#
##.....###.~~~..~≈≈~..P..P#
#....#.##.~~~.<~≈≈~..P..## .
#......#.#.~≈~..~≈≈~.P....###..
...........~~~≈~~≈≈~.##!.......
............~≈≈≈≈≈≈≈~.#.....##..
.............~~~~~~.~#.#...##
......~~~.~.....#..P#
.P##....#.~.........#


You could see a seven-headed hydra, a four-headed hydra, 2 elephants and a rime
drake (catching breath).

Vanquished Creatures
  Gastronok (Lair:3)
  A hydra (Lair:3)
  A boulder beetle (Lair:3)
  2 skysharks (Lair:3)
  Pikel (D:7)
  2 black mambas
  4 elephants (Lair:4)
  Joseph (D:7)
  2 rime drakes
  A cane toad (Lair:2)
  7 komodo dragons
  3 trolls (D:10)
  8 blink frogs
  A shadow (D:9)
  A vampire (D:10)
  3 wyverns
  8 yaks
  2 basilisks
  Grum (D:10)
  4 wargs
  3 nagas (Lair:3)
  3 water moccasins
  2 orc warriors
  2 sky beasts
  An ice beast (D:8)
  An ogre (D:6)
  3 phantoms
  13 wolves
  2 centaurs
  4 lemures (D:6)
  10 bullfrogs
  2 scorpions
  A gnoll sergeant (D:5)
  5 wights (D:8)
  15 killer bees
  3 electric eels (Lair:2)
  6 hounds
  3 gnoll boudas
  6 orc priests
  3 iguanas
  2 sleepcaps (D:6)
  14 orc wizards
  16 gnolls
  10 adders
  5 shadow imps
  2 white imps
  2 ufetubi (D:7)
  2 worms
  7 dart slugs
  42 orcs
  3 ball pythons
  9 endoplasms
  A giant cockroach (D:2)
  3 goblins
  5 hobgoblins
  5 jackals
  8 kobolds
  A quokka (D:3)
  2 bats (D:2)
  2 frilled lizards
  5 rats
288 creatures vanquished.

Notes
Turn   | Place    | Note
-------+----------+-------------------------------------------
     0 | D:1      | oldmanjim the Ogre Transmuter began the quest for the Orb.
     0 | D:1      | Reached XP level 1. HP: 19/19 MP: 3/3
   309 | D:1      | Reached XP level 2. HP: 23/28 MP: 5/5
   469 | D:1      | Reached skill level 2 in Fighting
   984 | D:2      | Reached XP level 3. HP: 35/35 MP: 5/7
  1479 | D:2      | Learned a level 3 spell: Spider Form
  1629 | D:3      | Found a faded altar of an unknown god.
  1654 | D:3      | Found a broken altar of Ashenzari.
  1667 | D:3      | Found an ancient bone altar of Kikubaaqudgha.
  1860 | D:3      | Reached XP level 4. HP: 34/44 MP: 4/8
  2231 | D:3      | Reached skill level 3 in Fighting
  2600 | D:4      | Reached skill level 1 in Poison Magic
  2616 | D:4      | Noticed a phantom
  2644 | D:4      | Killed a phantom
  2645 | D:4      | Reached XP level 5. HP: 19/54 MP: 1/9
  2957 | D:4      | Reached skill level 4 in Fighting
  2957 | D:4      | Reached XP level 6. HP: 47/62 MP: 5/10
  3084 | D:4      | Found a shimmering blue altar of Sif Muna.
  3090 | D:4      | Became a worshipper of Sif Muna the Loreminder
  3583 | D:5      | Entered Level 5 of the Dungeon
  3713 | D:5      | Reached XP level 7. HP: 37/71 MP: 3/11
  3717 | D:5      | Reached skill level 5 in Fighting
  4098 | D:5      | Found Hirastal's Armour Shoppe.
  4207 | D:5      | Reached * piety under Sif Muna
  4308 | D:5      | Reached skill level 5 in Unarmed Combat
  4436 | D:5      | Found a staircase to the Ecumenical Temple.
  4470 | D:5      | Learned a level 4 spell: Ice Form
  4473 | D:5      | Learned a level 2 spell: Passwall
  4582 | D:5      | Reached XP level 8. HP: 80/80 MP: 8/12
  4826 | D:6      | Reached skill level 5 in Transmutations
  4826 | D:6      | Reached skill level 1 in Ice Magic
  4836 | D:6      | Reached skill level 6 in Fighting
  5076 | D:6      | Reached ** piety under Sif Muna
  5099 | D:5      | Reached skill level 1 in Invocations
  5311 | D:6      | Reached XP level 9. HP: 58/89 MP: 8/15
  5600 | D:6      | Identified the +0 scale mail of Words of Power {rF+}
  5953 | D:7      | Identified the +0 buckler of Wu Jian, Threshing {rN+}
  6181 | D:7      | Noticed Pikel
  6340 | D:7      | Killed Pikel
  6340 | D:7      | Reached *** piety under Sif Muna
  6341 | D:7      | Reached skill level 7 in Fighting
  6398 | D:7      | Noticed Joseph
  6412 | D:7      | Killed Joseph
  6413 | D:7      | Reached skill level 5 in Spellcasting
  6413 | D:7      | Reached skill level 5 in Invocations
  6711 | D:8      | Reached XP level 10. HP: 102/102 MP: 17/17
  6715 | D:8      | Reached skill level 1 in Earth Magic
  6993 | D:8      | Found Untody's Magic Scroll Boutique.
  7003 | D:8      | Bought a scroll of noise for 11 gold pieces
  7003 | D:8      | Bought a scroll of identify for 22 gold pieces
  7003 | D:8      | Bought a scroll of identify for 22 gold pieces
  7058 | D:8      | Found a basalt altar of Yredelemnul.
  7334 | D:8      | Reached skill level 8 in Fighting
  7465 | D:9      | Found Idunoimi's Weapon Shop.
  7492 | D:9      | Found a staircase to the Orcish Mines.
  7685 | D:9      | Found Muiniom's Jewellery Boutique.
  7695 | D:9      | Found a shadowy altar of Dithmenos.
  7792 | D:9      | Reached skill level 9 in Fighting
  7821 | D:9      | Reached **** piety under Sif Muna
  7982 | D:9      | Found Getolezu's Book Emporium.
  8031 | D:9      | Found Ruxzo's Magic Scroll Shoppe.
  8065 | D:9      | Reached XP level 11. HP: 115/115 MP: 20/20
  8078 | D:9      | Bought a scroll of fear for 48 gold pieces
  8078 | D:9      | Bought a scroll of identify for 24 gold pieces
  8174 | D:9      | Found Tec Jomi's General Store.
  8220 | D:9      | Identified the +6 flail of Checks and Balances {elec, rPois
                  | rN+}
  8370 | D:10     | Entered Level 10 of the Dungeon
  8449 | D:10     | Noticed Grum
  8455 | D:10     | Killed Grum
  8941 | D:10     | Found a staircase to the Lair.
  9176 | Lair:1   | Entered Level 1 of the Lair of Beasts
  9538 | Lair:1   | You fall into a shaft and drop 1 floor!
 10259 | Lair:2   | Reached skill level 10 in Fighting
 10616 | Lair:2   | Found a staircase to the Shoals.
 11248 | D:9      | Bought a book of Transfigurations for 400 gold pieces
 11256 | D:9      | Learned a level 7 spell: Dragon Form
 11262 | D:9      | Learned a level 5 spell: Blade Hands
 11406 | Lair:3   | Noticed a six-headed hydra
 11414 | Lair:3   | Killed a six-headed hydra
 11415 | Lair:3   | Reached skill level 1 in Throwing
 11415 | Lair:3   | Reached XP level 12. HP: 91/126 MP: 18/22
 11533 | Lair:3   | Noticed a skyshark
 11545 | Lair:3   | Killed a skyshark
 11599 | Lair:3   | Noticed a skyshark
 11609 | Lair:3   | Killed a skyshark
 11642 | Lair:3   | Noticed Gastronok
 11656 | Lair:3   | Killed Gastronok
 11701 | Lair:3   | Found a staircase to the Snake Pit.
 11799 | Lair:3   | Reached ***** piety under Sif Muna
 12294 | Lair:4   | Noticed a boulder beetle
 12299 | Lair:4   | Noticed a four-headed hydra
 12356 | Lair:3   | Killed a boulder beetle
 12357 | Lair:3   | Reached skill level 11 in Fighting
 12498 | Lair:4   | Noticed a seven-headed hydra
 12521 | Lair:4   | Killed from afar by a rime drake

Illustrated notes

Levels and vault maps discovered:
D:1:      roderic_dead_forest, layout_basic, chequers_serial_rivers_marsh
D:2:      layout_basic, nicolae_titane
D:3:      minmay_inner_zag, layout_basic, jmf_multi_god_temple,
          ebering_ecumenical_altar_abandoned, kennysheep_cross_room
D:4:      layout_basic, led_sif_pool
D:5:      layout_basic, minmay_temple_entry_glassed_door, serial_shops,
          nicolae_shop_rolling_square
D:6:      layout_loops_ring
D:7:      layout_cave_pools, uniq_pikel, uniq_joseph
D:8:      layout_basic, yredelemnul_altar_generic, kennysheep_small_circle
D:9:      layout_irregular_city, mainiacjoe_overflow_tiny_flanked,
          minmay_orc_entry_guard_dogs, serial_shops,
          nicolae_shop_bloodbath_and_beyond, shop, nicolae_diamond_shop, shop,
          shop
D:10:     layout_basic, lair_entry_dummy, uniq_grum
Lair:1:   layout_small_grid
Lair:2:   layout_gridlike, elwin_shoals_entry_rocks, serial_bayou,
          serial_bayou_lake_a, serial_bayou_ford_a, serial_bayou_lagoon_b,
          infiniplex_staircase_pool
Lair:3:   layout_cave_shapes, nicolae_snake_entry_squirm, st_stairs_4,
          uniq_gastronok
Lair:4:   layout_gridlike, slime_entry_1, nzn_masters_of_martial_movement,
          serial_bayou_shore_a, grunt_megastairs_5, infiniplex_staircase_pool_2

Skill      XL: |  1  2  3  4  5  6  7  8  9 10 11 12 |
---------------+-------------------------------------+-----
Transmutations | 2 3 4 5 6 7 9 |  9.7
Fighting       | 2 3 4 5 6 7 9 10 11 | 11.0
Unarmed Combat | 3 4 5 6 7 9 |  9.8
Spellcasting   | 3 4 5 6 7 8 |  8.3
Poison Magic   | 1 2 |  2.0
Ice Magic      | 3 4 |  4.0
Invocations    | 2 5 6 7 8 |  8.0
Earth Magic    | 1 |  1.0
Dodging        | 3 |  3.0
Throwing       | 1 3 |  3.0

Action                     |  1- 3 |  4- 6 |  7- 9 | 10-12 || total
---------------------------+-------+-------+-------+-------++-------
  Melee: Unarmed           |    79 |   140 |   293 |   398 ||   910
         Kick              |    21 |     7 |       |       ||    28
         Headbutt          |     8 |     7 |       |       ||    15
         Punch             |       |       |     1 |     5 ||     6
   Cast: Beastly Appendage |    26 |    11 |       |       ||    37
         Spider Form       |       |    13 |    31 |       ||    44
         Ice Form          |       |       |    14 |    44 ||    58
         Blade Hands       |       |       |       |     8 ||     8
  Evoke: Wand              |       |       |       |     3 ||     3
         Phantom mirror    |       |       |       |     1 ||     1
    Use: Scroll            |       |       |     7 |    10 ||    17
 Armour: Robe              |    21 |    12 |     4 |     1 ||    38
         Skin              |       |     5 |    57 |    88 ||   150
         Troll leather arm |       |       |       |    10 ||    10
  Dodge: Dodged            |    35 |    88 |   181 |   353 ||   657
